 Dungeon Crawl Stone Soup version 0.30-a0-1113-ga8025317a9 (webtiles) character file.

Game seed: 691044656331267519

42 KristoblXynda the Chopper (level 3, -4/37 HPs)
             Began as an Ogre Gladiator on Apr 20, 2023.
             Slain by a gnoll
             ... wielding a +0 spear of distortion
              (15 damage)
             ... on level 1 of the Dungeon.
             The game lasted 00:01:55 (1048 turns).

KristoblXynda the Chopper (Ogre Gladiator)          Turns: 1048, Time: 00:01:56

Health: -4/37      AC:  3    Str: 18    XL:     3   Next: 56%
Magic:  3/3        EV: 10    Int: 11    God:
Gold:   85         SH:  0    Dex: 10    Spells: 2/2 levels left

rFire   . . .      SeeInvis .    a - +0 war axe
rCold   . . .      Faith    .    (no shield)
rNeg    . . .      Spirit   .    b - +0 robe
rPois   .          Reflect  .    c - +0 hat
rElec   .          Rampage  .    t - scarf {+Inv}
rCorr   .                        (gloves unavailable)
Will    .....                    (boots unavailable)
Stlth   +                        (no amulet)
HPRegen 0.26/turn                (no ring)
MPRegen 0.08/turn                (no ring)

@: no status effects
A: large, unfitting armour, tough skin 1
a: Evoke Invisibility


You were on level 1 of the Dungeon.
You visited 1 branch of the dungeon, and saw 2 of its levels.
You visited the Abyss 1 time.

You collected 85 gold pieces.

Inventory:

Hand Weapons
 a - a +0 war axe (weapon)
Missiles
 d - 3 throwing nets (quivered)
 e - a large rock
Armour
 b - a +0 robe (worn)
 c - a +0 hat (worn)
 t - a scarf of invisibility (worn)
Scrolls
 f - a scroll of teleportation {unknown}
 h - a scroll of enchant weapon {unknown}
 i - a scroll of silence {unknown}
 m - a scroll of enchant armour {unknown}
 n - a scroll of magic mapping {unknown}
 p - a scroll of fog {unknown}
 q - 2 scrolls of identify {unknown}
 s - a scroll of summoning {unknown}
Potions
 g - a potion of flight {unknown}
 j - a potion of brilliance {unknown}
 k - a potion of heal wounds {unknown}
 l - a potion of mutation {unknown}
 o - a potion of attraction {unknown}
 r - a potion of haste {unknown}


   Skills:
 + Level 3.4 Fighting
 * Level 3.8 Axes
 - Level 2.0 Throwing
 + Level 3.1 Dodging


You had 2 spell levels left.
You didn't know any spells.
Your spell library contained the following spells:

 Spells                   Type           Power      Damage    Failure   Level
 Foxfire                  Conj/Fire      0%         2x1d4     34%         1
 Lesser Beckoning         Tloc           0%         N/A       47%         2
 Gell's Gravitas          Tloc           0%         N/A       71%         3
 Teleport Other           Tloc           0%         N/A       71%         3
 Fireball                 Conj/Fire      0%         3d3       100%        5
 Plasma Beam              Fire/Air       0%         2x1d11    100%        6
 Starburst                Conj/Fire      0%         6d3       100%        6


Dungeon Overview and Level Annotations

Branches:
Dungeon (2/15)

Altars:


Innate Abilities, Weirdness & Mutations

You are too large for most types of armour.
You have tough skin. (AC +1)


Message History

To return, you must find a gate leading back.
Killing monsters will force the Abyss to allow you passage.
This branch contains the abyssal rune of Zot.
Found a gateway leading out of the Abyss.
Found a corrupted altar of Lugonu.
There is a gateway leading out of the Abyss here.
You pass through the gate.
Welcome back to the Dungeon!
A gnoll is nearby!
The gnoll barely misses you.
You closely miss the gnoll.
The gnoll hits you with a +0 spear of distortion.
You blink.
The gnoll hits you from afar with a +0 spear of distortion.
Space warps around you.
There is a stone staircase leading down here.
The gnoll hits you with a +0 spear of distortion.
You blink.
You start resting.
A gnoll is nearby!
You closely miss the gnoll. The gnoll closely misses you.
You slash the gnoll!
The gnoll is heavily wounded.
The gnoll hits you with a +0 spear of distortion.
Space warps horribly around you!
* * * LOW HITPOINT WARNING * * *
The gnoll hits you with a +0 spear of distortion.
* * * LOW HITPOINT WARNING * * *
You blink.
You start resting.
A gnoll is nearby!
You see here 6 poisoned darts.
There is an escape hatch in the floor here.
There is a staircase leading out of the dungeon here.
You start resting.
A gnoll is nearby!
The gnoll hits you with a +0 spear of distortion.
* * * LOW HITPOINT WARNING * * *
Space warps horribly around you!
You die...

...........................#
######.....................####
............................#
...###......(..####.##+###...#
............##...##>##.#.....#
. ###....####...##<##.......+.#
#...........##g##..........
#[..........##.##.....###..
###.......@###.##).>...[..#
#.......g............[...
#...................###..
#........................
#....:...######....##....
#........# ..............
..................######..
..................# ###.
................ #...


You could see a gnoll.

Vanquished Creatures
  2 worms (D:2)
  5 goblins
  3 hobgoblins
  3 jackals (D:2)
  4 kobolds
  A quokka (D:2)
  4 ball pythons
  6 bats
  A frilled lizard (D:2)
  5 rats
34 creatures vanquished.

Vanquished Creatures (others)
  3 plants (D:1)
3 creatures vanquished.

Grand Total: 37 creatures vanquished

Notes
Turn   | Place    | Note
-------+----------+-------------------------------------------
     0 | D:1      | KristoblXynda the Ogre Gladiator began the quest for the
                  | Orb.
     0 | D:1      | Reached XP level 1. HP: 22/22 MP: 1/1
   137 | D:1      | Reached XP level 2. HP: 29/29 MP: 2/2
   382 | D:2      | Reached XP level 3. HP: 36/37 MP: 3/3
   997 | Abyss:1  | Cast into level 1 of the Abyss (gnoll)
   998 | Abyss:1  | Found a corrupted altar of Lugonu.
  1004 | D:1      | Escaped the Abyss
  1048 | D:1      | Slain by a gnoll

Illustrated notes

Levels and vault maps discovered:
D:1:      dpeg_arrival_tiny_j, layout_basic, serial_bayou_pond_c,
          minmay_tromino_i2
D:2:      layout_basic

Skill      XL: |  1  2  3 |
---------------+----------+-----
Fighting       | 3 |  3.4
Dodging        | 3 |  3.1
Axes           | |  3.8
Throwing       | |  2.0

Action                     || total
---------------------------++-------
  Melee: War axe           ||    77
 Armour: Robe              ||    31
  Dodge: Dodged            ||    68

Table legend: (Time is in decaauts)
 A = Elapsed time spent in this place.
 B = Non-inter-level travel time spent in this place.
 C = Inter-level travel time spent in this place.
 D = Time resting spent in this place.
 E = Time spent auto-exploring this place.
 F = Levels seen in this place.
 G = Mean time per level.
                   A        B        C        D        E       F      G
               +--------+--------+--------+--------+--------+-----+--------+
         Total |   1072 |   1049 |     23 |     82 |    667 |   3 |  357.3 |
       Dungeon |   1065 |   1042 |     23 |     82 |    667 |   2 |  532.5 |
         Abyss |      7 |      7 |      0 |      0 |      0 |   1 |    7.0 |
               +--------+--------+--------+--------+--------+-----+--------+

Top non-repeatable levels by time:
     D:2: 785 daAuts
     D:1: 279 daAuts
 Abyss:1: 7 daAuts
